 Dungeon Crawl Stone Soup version 0.29-a0-844-ge8845773e3 (webtiles) character file.

Game seed: 13826314440694290389

804 DungeonMaster the Chucker (level 7, -3/53 HPs)
             Began as a Demonspawn Wanderer on July 15, 2022.
             Slain by an ogre
             ... wielding a +0 giant club
              (13 damage)
             ... on level 5 of the Dungeon.
             The game lasted 00:13:18 (8626 turns).

DungeonMaster the Chucker (Demonspawn Wanderer)     Turns: 8626, Time: 00:13:18

Health: -3/53      AC:  9    Str: 15    XL:     7   Next: 60%
Magic:  7/7        EV: 10    Int: 11    God:
Gold:   159        SH:  8    Dex: 14    Spells: 6/6 levels left

rFire   . . .      SeeInvis .   a - +2 dagger
rCold   . . .      Faith    .   f - +0 kite shield
rNeg    . . .      Spirit   .   i - +0 ring mail
rPois   .          Reflect  .   p - +0 helmet
rElec   .          Harm     .   (no cloak)
rCorr   .          Rampage  .   u - +0 pair of gloves
Will    .....                   s - +0 pair of boots
Stlth   +.........              (no amulet)
HPRegen 0.17/turn               (no ring)
MPRegen 0.10/turn               (no ring)

@: mighty, studying Translocations
A: demonic guardian 1, powered by pain 1, weakness stinger 1
a: no special abilities


You were on level 5 of the Dungeon.
You visited 1 branch of the dungeon, and saw 6 of its levels.
You also visited: Sewer.

You collected 159 gold pieces.

Inventory:

Hand Weapons
 a - a +2 dagger (weapon)
 b - a +2 dagger of holy wrath
 c - a +0 hand axe
 n - a +0 war axe
Missiles
 k - 21 stones
 l - an atropa-tipped dart
 v - a poisoned dart (quivered)
Armour
 f - a +0 kite shield (worn)
 i - a +0 ring mail (worn)
 p - a +0 helmet (worn)
 s - a +0 pair of boots (worn)
 u - a +0 pair of gloves (worn)
Magical Staves
 z - a staff of earth
Jewellery
 j - a ring of magical power
 y - a +6 ring of strength
Wands
 d - a wand of polymorph (3)
 w - a wand of charming (5)
Scrolls
 e - a scroll of teleportation
 q - a scroll of immolation
 x - a scroll of blinking
Potions
 g - a potion of curing
 h - a potion of might
 m - a potion of brilliance
 o - a potion of mutation
 t - a potion of haste


   Skills:
 * Level 3.8 Fighting
 - Level 3.6 Axes
 - Level 4.5 Throwing
 * Level 3.0 Armour
 * Level 3.4 Dodging
 * Level 3.0 Shields
 * Level 4.4 Translocations
 - Level 1.0 Evocations


You had 6 spell levels left.
You didn't know any spells.
Your spell library contained the following spells:

 Spells                   Type           Power      Damage    Failure   Level
 Foxfire                  Conj/Fire      0%         2x1d4     91%         1
 Conjure Flame            Conj/Fire      0%         6-21      99%         3
 Ignite Poison            Fire/Tmut/Pois 0%         N/A       99%         3
 Inner Flame              Hex/Fire       0%         N/A       99%         3
 Mephitic Cloud           Conj/Pois/Air  0%         N/A       99%         3
 Flame Wave               Conj/Fire      0%         2d4       100%        4
 Freezing Cloud           Conj/Ice/Air   0%         6-21      100%        5


Dungeon Overview and Level Annotations

Branches:
Dungeon (6/15)              Sewer (visited)
 Temple: D:4-7

Altars:
Sif Muna


Innate Abilities, Weirdness & Mutations

A weak demonic guardian rushes to your aid.
You sometimes gain a little power by taking damage.
You have a small tail.


Message History

Throw: 2 darts (atropa)
Press: ? - help, Q - select action, (/) - cycle Shift-Dir - straight line, f - ogre
Aim: an ogre, wielding a +0 giant club (76% to hit, chance to blind on hit: 51%)
You throw an atropa-tipped dart. The atropa-tipped dart hits the ogre!
The ogre resists.
The ogre attacks as you move away! You block the ogre's attack.
The ogre attacks as you move away! The ogre hits you with a +0 giant club!
* * * LOW HITPOINT WARNING * * *
Throw: dart (curare)
Press: ? - help, Q - select action, (/) - cycle Shift-Dir - straight line, f/p - ogre
Aim: an ogre, wielding a +0 giant club (76% to hit)
You throw a curare-tipped dart. The curare-tipped dart hits the ogre.
The ogre is poisoned.
The ogre convulses.
The ogre seems to slow down.
The ogre is lightly wounded.
Throw: 5 darts (poison)
Press: ? - help, Q - select action, (/) - cycle Shift-Dir - straight line, f/p - ogre
Aim: an ogre, wielding a +0 giant club (heavily wounded, poisoned, slow, 76% to hit)
You throw a poisoned dart.
The poisoned dart barely misses the ogre.
Throw: 4 darts (poison)
Press: ? - help, Q - select action, (/) - cycle Shift-Dir - straight line, f/p - ogre
Aim: an ogre, wielding a +0 giant club (heavily wounded, poisoned, slow, 76% to hit)
You throw a poisoned dart. The poisoned dart hits the ogre!
The ogre looks even sicker.
The ogre is heavily wounded.
The ogre is no longer moving slowly.
Throw: 3 darts (poison)
Press: ? - help, Q - select action, (/) - cycle Shift-Dir - straight line, f/p - ogre
Aim: an ogre, wielding a +0 giant club (heavily wounded, very poisoned, 76% to hit)
You throw a poisoned dart.
The poisoned dart barely misses the ogre.
Throw: 2 darts (poison)
Press: ? - help, Q - select action, (/) - cycle Shift-Dir - straight line, f/p - ogre
Aim: an ogre, wielding a +0 giant club (heavily wounded, very poisoned, 76% to hit)
You throw a poisoned dart. The poisoned dart hits the ogre!
The ogre looks as sick as possible!
The ogre is heavily wounded.
The ogre attacks as you move away! The ogre hits you with a +0 giant club!
You die...

#####..# # #......# #
#......# # #......# #
##......# ####
####.......# ...#
#..........#
...#####.#####.#.##
.........# ##.#@#
........## #..#O# #####
..##.##.# ##.##.# #...#
..#≈≈≈#.####..##.# #...#
..#≈≈≈#......###.# #...#
#.#≈.≈#.###..###.####...#
#.#≈≈≈#.###.............#
#.#≈≈≈#..###.##.........#
#.#####..###.#...####...#


You could see an ogre (very poisoned).

Vanquished Creatures
  Menkaure (D:5)
  A scorpion (D:4)
  2 orc priests (D:4)
  Jessica (D:2)
  3 iguanas
  Natasha (thrice) (D:2)
  An orc wizard (D:4)
  9 adders
  5 gnolls (D:5)
  A river rat (Sewer)
  3 worms
  A dart slug (D:3)
  13 orcs
  5 ball pythons
  10 bats
  An endoplasm (D:1)
  3 giant cockroaches
  5 goblins
  7 hobgoblins
  3 jackals (D:3)
  4 kobolds
  4 quokkas
  3 frilled lizards (D:1)
  6 rats
95 creatures vanquished.

Vanquished Creatures (collateral kills)
  A jelly (D:5)
  An orc priest (D:4)
  A hound (D:3)
  A gnoll (D:5)
  3 adders
  A shadow imp (D:5)
  2 worms
  A dart slug (D:1)
  2 orcs
  3 giant cockroaches (D:5)
  2 quokkas
  A rat (D:2)
19 creatures vanquished.

Vanquished Creatures (others)
  A gnoll (D:5)
1 creature vanquished.

Grand Total: 115 creatures vanquished

Notes
Turn   | Place    | Note
-------+----------+-------------------------------------------
     0 | D:1      | DungeonMaster the Demonspawn Wanderer began the quest for
                  | the Orb.
     0 | D:1      | DungeonMaster set off with the following items: a +2
                  | dagger, 2 curare-tipped darts, a +0 hand axe, a wand of
                  | polymorph (7), a scroll of teleportation, a +0 leather
                  | armour.
     0 | D:1      | Reached XP level 1. HP: 13/13 MP: 1/1
   307 | D:1      | Found a faded altar of an unknown god.
   622 | D:1      | Reached skill level 1 in Fighting
   624 | D:1      | Reached skill level 1 in Dodging
   624 | D:1      | Gained mutation: A weak demonic guardian rushes to your
                  | aid. [demonic ancestry]
   624 | D:1      | Reached XP level 2. HP: 21/21 MP: 2/2
  1623 | D:1      | Identified a scroll of acquirement
  1623 | D:1      | Acquired a manual of Translocations
  1746 | D:2      | Noticed Jessica
  1751 | D:2      | Killed Jessica
  1752 | D:2      | Gained mutation: You sometimes gain a little power by
                  | taking damage. [demonic ancestry]
  1752 | D:2      | Reached XP level 3. HP: 27/27 MP: 3/3
  1763 | D:2      | Noticed Natasha
  1771 | D:2      | Killed Natasha
  1772 | D:2      | Reached skill level 1 in Shields
  1772 | D:2      | Reached skill level 1 in Translocations
  1772 | D:2      | Reached XP level 4. HP: 24/33 MP: 4/4
  1895 | D:2      | Noticed Natasha
  1912 | D:2      | Killed Natasha
  1913 | D:2      | Reached skill level 1 in Armour
  2176 | D:2      | Noticed Natasha
  2181 | D:2      | Killed Natasha
  2529 | D:2      | Reached XP level 5. HP: 38/38 MP: 5/5
  4061 | D:4      | Gained mutation: You have a small tail. [demonic ancestry]
  4061 | D:4      | Reached XP level 6. HP: 35/46 MP: 6/6
  5331 | D:5      | Entered Level 5 of the Dungeon
  5345 | D:5      | Reached XP level 7. HP: 27/52 MP: 7/7
  5578 | D:5      | Noticed Menkaure
  5585 | D:5      | Found a glowing drain.
  5630 | D:5      | Killed Menkaure
  5636 | Sewer    | Entered a sewer
  6284 | D:5      | Found a shimmering blue altar of Sif Muna.
  6578 | D:5      | Noticed a vampire
  8626 | D:5      | Slain by an ogre

Illustrated notes

Levels and vault maps discovered:
D:1:      wander_arrival_abandoned_jail, layout_basic,
          ebering_ecumenical_altar_abandoned, st_stairs_4
D:2:      layout_loops_cross, small_statue_intersection, dk_noncrumbling_3,
          uniq_natasha, uniq_jessica
D:3:      layout_rooms
D:4:      layout_loops_cross
D:5:      layout_rooms, nicolae_overflow_quartered_altars,
          kennysheep_orc_sif_temple, gup_sewer_entry_glass, uniq_menkaure
D:6:      layout_cave_pools, minmay_temple_entry_large_hall

Skill      XL: |  1  2  3  4  5  6  7 |
---------------+----------------------+-----
Fighting       | 1 2 3 |  3.8
Dodging        | 1 2 3 |  3.4
Shields        | 1 2 3 |  3.0
Translocations | 1 2 3 4 |  4.4
Armour         | 1 2 3 |  3.0
Axes           | |  3.6
Throwing       | |  4.5
Evocations     | |  1.0

Action                   |  1- 3 |  4- 6 |  7- 9 || total
-------------------------+-------+-------+-------++-------
Melee: Dagger            |    73 |   323 |   136 ||   532
       Tailslap          |       |    21 |    23 ||    44
Throw: Dart              |     2 |    13 |     6 ||    21
       Stone             |       |     2 |       ||     2
Evoke: Wand              |       |     4 |     3 ||     7
  Use: Scroll            |     2 |     7 |     4 ||    13
       Potion            |       |     1 |       ||     1
Armor: Leather armour    |    22 |       |       ||    22
       Ring mail         |     1 |   148 |    52 ||   201
Dodge: Dodged            |    49 |   119 |    74 ||   242
Block: Kite shield       |     2 |   119 |    79 ||   200
       Buckler           |     1 |       |       ||     1

Table legend: (Time is in decaauts)
 A = Elapsed time spent in this place.
 B = Non-inter-level travel time spent in this place.
 C = Inter-level travel time spent in this place.
 D = Time resting spent in this place.
 E = Time spent auto-exploring this place.
 F = Levels seen in this place.
 G = Mean time per level.
                   A        B        C        D        E       F      G
               +--------+--------+--------+--------+--------+-----+--------+
         Total |   8766 |   8560 |    206 |   3209 |   3724 |   7 | 1252.3 |
       Dungeon |   8391 |   8185 |    206 |   2962 |   3694 |   6 | 1398.5 |
         Sewer |    375 |    375 |      0 |    247 |     30 |   1 |  375.0 |
               +--------+--------+--------+--------+--------+-----+--------+

Top non-repeatable levels by time:
     D:4: 3662 daAuts
     D:1: 1672 daAuts
     D:5: 1051 daAuts
     D:2: 1031 daAuts
     D:3: 967 daAuts
   Sewer: 375 daAuts
     D:6: 6 daAuts
